 Dungeon Crawl Stone Soup version 0.23.2-1-ga50397a (webtiles) character file.

Game seed: 5810959773043249682

168 Kahibar the Chopper (level 5, -2/46 HPs)
             Began as a Hill Orc Fighter on May 15, 2019.
             Was an Initiate of Makhleb.
             Killed by nerve-wracking pain
             ... invoked by a shadow imp
              (11 damage)
             ... on level 3 of the Dungeon.
             The game lasted 00:19:33 (2424 turns).

Kahibar the Chopper (Hill Orc Fighter)              Turns: 2424, Time: 00:19:33

Health: -2/46      AC:  8    Str: 19    XL:     5   Next: 48%
Magic:  5/5        EV:  7    Int:  8    God:    Makhleb [......]
Gold:   84         SH:  9    Dex: 11    Spells: 4/4 levels left

rFire    . . .     SeeInvis .   a - +0 war axe
rCold    . . .     Gourm    .   c - +0 shield
rNeg     . . .     Faith    .   b - +0 scale mail
rPois    .         Spirit   .   (no helmet)
rElec    .         Reflect  .   (no cloak)
rCorr    .         Harm     .   q - +0 pair of gloves
MR       .....                  (no boots)
Stlth    ..........             (no amulet)
HPRegen  0.15/turn              (no ring)
MPRegen  0.09/turn              (no ring)

@: no status effects
A: no striking features
a: Renounce Religion


You were on level 3 of the Dungeon.
You worshipped Makhleb.
Makhleb was noncommittal.
You were not hungry.

You visited 1 branch of the dungeon, and saw 3 of its levels.

You collected 84 gold pieces.

Inventory:

Hand Weapons
 a - a +0 war axe (weapon)
 l - a +0 hunting sling
Missiles
 g - 16 stones (quivered)
Armour
 b - a +0 scale mail (worn)
 c - a +0 shield (worn)
 q - a +0 pair of gloves (worn)
Wands
 e - a wand of paralysis (10)
 t - a wand of flame (1)
Scrolls
 i - 3 scrolls of teleportation
 k - 2 scrolls of amnesia
 p - a scroll of fog
 v - 3 scrolls of remove curse
Potions
 d - 2 potions of might
 h - a potion of invisibility {unknown}
 o - 3 potions of curing
 r - a potion of lignification {unknown}
 s - a potion of resistance {unknown}
Comestibles
 f - 6 rations


   Skills:
 + Level 4.3 Fighting
 + Level 4.8 Axes
 + Level 0.2 Throwing
 + Level 4.2 Armour
 + Level 1.0 Dodging
 + Level 0.1 Stealth
 + Level 3.9 Shields


You had 4 spell levels left.
You didn't know any spells.
Your spell library was empty.

Dungeon Overview and Level Annotations

Branches:
Dungeon (3/15)

Altars:
Fedhas
Makhleb
Vehumet

Annotations:
D:3 1 transporter


Message History

Pain shoots through your body!
The orc priest miscasts a cantrip.
The shadow imp shouts, "Escape, thou pox-marked flat-headed dingleberry!"
Throwing (i - inventory)
g - 17 stones (quivered)
Press: ? - help, Shift-Dir - straight line, f/p - orc priest
Aim: an orc priest, wielding a +0 dagger You throw a stone.
The stone closely misses the orc priest.
The orc priest mumbles some strange prayers to Beogh against you.
Beogh smites you!
* * * LOW HITPOINT WARNING * * *
Unknown command.
The shadow imp laughs crazily.
The shadow imp grinds its teeth.
The shadow imp spits at you.
The shadow imp picks up a beetle and eats it.
All of the chunks of flesh in your inventory have rotted away.
The shadow imp gestures at you. Pain shoots through your body!
You die...

########...............#
#...)÷.......##..#..####
#.######.###.##..#..##### #<# #.#
#.......[.....
###.######.######..#...###.
#.......................###
#.##.##.###############.###
#.##.##.#8P#o.((...#≈8#....
#.##.##.#P@#≈≈≈≈≈≈≈#.P#.###
#.##....#..#..≈P≈..#.$#..##
#.###..©#©.'..P♣≈..+?©#©..#
#######.####..#..#..≈≈P..#.$#.).#
........÷####.#P.#≈≈≈≈≈≈≈#.P#...#
#######.......#8P#55.....#≈8#.^##
#.#####.###############..# #.#
#..................## #.#
#####.#.###.###.##..<


You could see an orc priest and 2 shadow imps.

Vanquished Creatures
  A crimson imp (D:3)
  An orc priest (D:3)
  3 adders (D:2)
  A shadow imp (D:3)
  An ooze (D:3)
  3 worms
  3 dart slugs
  An orc (D:3)
  4 giant cockroaches
  3 hobgoblins
  A jackal (D:1)
  4 kobolds
  A quokka (D:2)
  2 ball pythons (D:3)
  7 bats
  4 frilled lizards
  7 goblins
  10 rats
57 creatures vanquished.

Vanquished Creatures (others)
  5 toadstools (D:1)
5 creatures vanquished.

Grand Total: 62 creatures vanquished

Notes
Turn   | Place    | Note
-------+----------+-------------------------------------------
     0 | D:1      | Kahibar the Hill Orc Fighter began the quest for the Orb.
     0 | D:1      | Reached XP level 1. HP: 19/19 MP: 1/1
    82 | D:1      | Reached XP level 2. HP: 23/27 MP: 2/2
   888 | D:1      | Reached XP level 3. HP: 31/33 MP: 3/3
  1269 | D:2      | Found a blossoming altar of Fedhas.
  1367 | D:2      | Reached XP level 4. HP: 34/40 MP: 4/4
  1523 | D:3      | Found a transporter.
  1758 | D:3      | Found a transporter.
  1869 | D:3      | Found a burning altar of Makhleb.
  1869 | D:3      | Found a radiant altar of Vehumet.
  1874 | D:3      | Reached skill level 1 in Dodging
  1874 | D:3      | Reached XP level 5. HP: 43/46 MP: 5/5
  1884 | D:3      | Became a worshipper of Makhleb the Destroyer
  2424 | D:3      | Killed from afar by a shadow imp

Skill      XL: |  1  2  3  4 |
---------------+-------------+-----
Axes           | 3 4 |  4.8
Fighting       | 4 |  4.3
Armour         | 4 |  4.2
Dodging        | 1 |  1.0
Throwing       | |  0.2
Stealth        | |  0.1
Shields        | |  3.9

Action                   |  1- 3 |  4- 6 || total
-------------------------+-------+-------++-------
Melee: War axe           |   140 |    70 ||   210
Throw: Javelin           |       |    13 ||    13
       Stone             |       |     3 ||     3
  Use: Scroll            |     2 |     3 ||     5
  Eat: Chunk             |     2 |     3 ||     5
Armor: Scale mail        |    71 |    34 ||   105
Dodge: Dodged            |    48 |    21 ||    69
Block: Shield            |    87 |    38 ||   125
